 Dungeon Sprint DCSS version 0.31-a0-435-g2c6fae2916 (webtiles) character file.

Game seed: 3847652388891193366

1932 rocky1 the Brawler (level 9, -9/97 HPs)
             Began as a Merfolk Shapeshifter on Aug 2, 2023.
             Was an Initiate of Gozag.
             Mangled by an orc warrior
             ... wielding a +0 scimitar
             ... led by an orc knight
              (14 damage)
             ... in the Dungeon (Sprint VII: "The Pits").
             The game lasted 00:03:17 (614 turns).

rocky1 the Brawler (Merfolk Shapeshifter)            Turns: 614, Time: 00:03:17

Health: -9/97      AC:  9    Str: 16    XL:     9   Next: 17%
Magic:  9/9        EV: 14    Int: 11    God:    Gozag
Gold:   780        SH:  0    Dex: 14    Spells: 8/8 levels left

rFire   . .          .
                       - Unarmed
rCold   . . .        (no shield)
rNeg    . . .        m - +3 ring mail
rPois   .            (helmet currently unavailable)
rElec   .            (cloak currently unavailable)
rCorr   .            (gloves currently unavailable)
SInv    .            (boots currently unavailable)
Will    .....        (no amulet) Stlth
                     (no ring)
HPRegen 0.36/turn    (no ring)
MPRegen 0.11/turn

%: no teleportation
@: berserking (expiring), beast-form, gold aura, invisible, very quick
A: beast (slay +7), (nimble swimmer 2), mertail
a: Begin Untransformation, Renounce Religion, Potion Petition, Call Merchant,
Bribe Branch


You were in the Dungeon.
You worshipped Gozag.
Gozag was pleased with you.
You were a hulking beast.
You visited 1 branch You collected 1404 gold pieces.
You paid 624 gold pieces to Gozag.

Inventory:

Armour
 a - a +0 animal skin
 m - a +3 ring mail (worn)
Talismans
 c - a beast talisman (active)
Scrolls
 k - 5 scrolls of amnesia
 l - a scroll of butterflies
Potions
 b - a potion of lignification
 d - 6 potions of curing
 e - 4 potions of heal wounds
 f - a potion of haste
 g - 4 potions of magic
 j - a potion of invisibility


   Skills:
 + Level 4.1 Fighting
 + Level 5.1 Armour
 + Level 9.2 Dodging
 + Level 1.7 Stealth
 + Level 15.1 Unarmed Combat
 + Level 12.2 Shapeshifting


You had 8 spell levels left.
You didn't know any spells.
Your spell library was empty.

Dungeon Overview and Level Annotations

Branches:
Dungeon (1/1)

Altars:
Ashenzari
Cheibriados
Dithmenos
Elyvilon
Fedhas
Gozag
Hepliaklqana
Kikubaaqudgha
Makhleb
Nemelex Xobeh
Okawaru
Qazlal
Ru
Sif Muna
Trog
Uskayaw
Vehumet
Wu Jian
Xom
Yredelemnul
Zin
The Shining One
Jiyva
Lugonu

Shops:
D =


Innate Abilities, Weirdness & Mutations

You are a hulking beast.
Your limbs bulge with bestial killing power. (Slay +7)
((You are very nimble when in or above water. (Stealth+, EV+, Speed+++)))
Your lower body shifts to a powerful aquatic tail in water.


Message History

The orc knight closely misses you. The phantasmal warrior hits you!!
You punch the orc knight!
The orc knight is severely wounded.
Unknown command.
You punch the orc knight! x2
The orc knight is almost dead.
The phantasmal warrior hits you.
The orc knight hits you with a +0 battleaxe!
* * * LOW HITPOINT WARNING * * *
You punch the orc knight!
You kill the orc knight!
Your Armour skill increases to level 4!
Your Unarmed Combat skill gained 2 levels and is now at level 14!
Your Shapeshifting skill increases to level 12!
Unknown command.
You pummel the phantasmal warrior!!
The phantasmal warrior is moderately damaged.
The phantasmal warrior hits you!
* * * LOW HITPOINT WARNING * * *
Unknown command.
You punch the phantasmal warrior!
The phantasmal warrior is severely damaged.
You pummel the phantasmal warrior!!
You destroy the phantasmal warrior!
The orc warrior misses you.
Your Fighting skill increases to level 4!
Your Armour skill increases to level 5!
Your Dodging skill increases to level 9!
Your Unarmed Combat skill increases to level 15!
You have reached level 9!
Your experience leads to an increase in your attributes!
Increase (S)trength, (I)ntelligence, or (D)exterity?
You feel clever. x2
Unknown command.
You see here 54 gold pieces.
You are too berserk!
You feel a strong urge to attack something.
The orc warrior hits you with a +0 scimitar!
You die...
Your body crumbles into a pile of gold.

#)#...'.#))##.......#
#.##'####))##.......#
#.#.....#.[##.......#
#.#.....#'###...<...#
#.#........##.......#
#.#........##.......#
#'###########.......#
#..#.#.##$.##########
#.......#h## ###
##.#.#.##o# ...#
#...∩...#Z#.ZW.#
##.#.#.##h'....+
#.......#[#....#
##.#.#..).#h...#
########## ####


You could see a warg, an orc warrior (strong, unable to see you) and a ball
python zombie (unable to see you).

Vanquished Creatures
  An orc knight (D)
  A phantasmal warrior (D)
  A deep elf pyromancer (D)
  A floating eye (D)
  2 centaurs (D)
  2 bullfrogs (D)
  A scorpion (D)
  A jelly (D)
  Crazy Yiuf (D)
  A gnoll bouda (D)
  3 gnolls (D)
  A river rat (D)
  A white imp (D)
  An ufetubus (D)
  An adder skeleton (D)
  A worm (D)
  A bat skeleton (D)
  An endoplasm (D)
  A giant cockroach (D)
  A goblin (D)
  A hobgoblin (D)
  A bat (D)
26 creatures vanquished.

Notes
Turn   | Place    | Note
-------+----------+-------------------------------------------
     0 | D        | rocky1 the Merfolk Shapeshifter began the quest for the
                  | Orb.
     0 | D        | Reached XP level 1. HP: 15/15 MP: 1/1
    15 | D        | Reached skill level 4 in Unarmed Combat
    15 | D        | Reached skill level 5 in Shapeshifting
    19 | D        | Found a bloodstained altar of Trog.
    19 | D        | Found a shimmering blue altar of Sif Muna.
    19 | D        | Found a viscous altar of Jiyva.
    19 | D        | Found a hazy altar of Hepliaklqana.
    19 | D        | Found an opulent altar of Gozag.
    20 | D        | Found a glowing golden altar of the Shining One.
    20 | D        | Found a glowing silver altar of Zin.
    20 | D        | Found a basalt altar of Yredelemnul.
    20 | D        | Found a shimmering altar of Xom.
    20 | D        | Found an ornate altar of the Wu Jian Council.
    20 | D        | Found a sacrificial altar of Ru.
    20 | D        | Found a stormy altar of Qazlal.
    20 | D        | Found an iron altar of Okawaru.
    20 | D        | Found a sparkling altar of Nemelex Xobeh.
    20 | D        | Found a burning altar of Makhleb.
    20 | D        | Found a blossoming altar of Fedhas.
    20 | D        | Found a white marble altar of Elyvilon.
    20 | D        | Found a shadowy altar of Dithmenos.
    20 | D        | Found a snail-covered altar of Cheibriados.
    23 | D        | Found a corrupted altar of Lugonu.
    23 | D        | Found a radiant altar of Vehumet.
    24 | D        | Found an ancient bone altar of Kikubaaqudgha.
    24 | D        | Found a hide-covered altar of Uskayaw.
    24 | D        | Found a broken altar of Ashenzari.
    27 | D        | Became a worshipper of Gozag Ym Sagoz the Greedy
    63 | D        | Reached XP level 2. HP: 20/21 MP: 2/2
    77 | D        | Noticed a scorpion
    87 | D        | Killed a scorpion
    88 | D        | Reached skill level 5 in Unarmed Combat
    88 | D        | Reached XP level 3. HP: 20/26 MP: 3/3
    88 | D        | Reached XP level 4. HP: 25/32 MP: 4/4
   268 | D        | Reached skill level 6 in Unarmed Combat
   341 | D        | Noticed a centaur
   341 | D        | Noticed a bullfrog
   341 | D        | Noticed a floating eye
   342 | D        | Noticed Crazy Yiuf
   342 | D        | Noticed a centaur
   343 | D        | Paralysed by a floating eye for 3 turns
   357 | D        | Reached skill level 7 in Unarmed Combat
   357 | D        | Reached XP level 5. HP: 23/37 MP: 5/5
   378 | D        | Killed a centaur
   379 | D        | Reached skill level 1 in Armour
   379 | D        | Reached skill level 5 in Dodging
   379 | D        | Reached skill level 8 in Unarmed Combat
   379 | D        | Reached XP level 6. HP: 37/44 MP: 6/6
   381 | D        | Killed Crazy Yiuf
   382 | D        | Reached skill level 9 in Unarmed Combat
   385 | D        | Paralysed by a floating eye for 2 turns
   386 | D        | Reached skill level 10 in Shapeshifting
   389 | D        | Reached skill level 10 in Unarmed Combat
   394 | D        | Paralysed by a floating eye for 2 turns
   398 | D        | Killed a floating eye
   399 | D        | Reached skill level 1 in Stealth
   399 | D        | Reached skill level 11 in Unarmed Combat
   399 | D        | Reached XP level 7. HP: 31/51 MP: 7/7
   501 | D        | Noticed a deep elf pyromancer
   507 | D        | Killed a deep elf pyromancer
   508 | D        | Reached skill level 12 in Unarmed Combat
   508 | D        | Reached XP level 8. HP: 45/58 MP: 8/8
   591 | D        | Noticed a phantasmal warrior
   591 | D        | Noticed an orc knight
   609 | D        | Killed an orc knight
   610 | D        | Reached skill level 14 in Unarmed Combat
   610 | D        | HP: 4/90 [phantasmal warrior (14)]
   612 | D        | Killed a phantasmal warrior
   613 | D        | Reached skill level 5 in Armour
   613 | D        | Reached skill level 15 in Unarmed Combat
   613 | D        | Reached XP level 9. HP: 5/65 MP: 9/9
   614 | D        | Mangled by an orc warrior

Illustrated notes

Levels and vault maps discovered:
D:        pitsprint [storerooms_1, entrance_room_1, metal_vault_5, armoury_1,
          mini_pit_1, grid_room_1, main_hall_1, silver_pit, the_coven_2,
          the_vestibule_1, steel_vault_1, golden_pit, hallway_of_sentries,
          crystal_vault_1, iron_vault_4, final_vault]

Skill      XL: |  1  2  3  4  5  6  7  8 |
---------------+-------------------------+-----
Dodging        | 3 4 5 7 8 9 |  9.2
Unarmed Combat | 4 5 7 8 11 12 15 | 15.1
Shapeshifting  | 5 7 8 9 11 12 | 12.2
Fighting       | 2 3 4 |  4.1
Armour         | 1 2 3 5 |  5.1
Stealth        | 1 |  1.7

Action                     |  1- 3 |  4- 6 |  7- 9 || total
---------------------------+-------+-------+-------++-------
  Melee: Unarmed           |    16 |    42 |    31 ||    89
         Punch             |       |     3 |     4 ||     7
 Invoke: Call Merchant     |       |       |     1 ||     1
    Use: Potion            |     1 |     3 |     2 ||     6
         Scroll            |       |     1 |       ||     1
 Armour: Animal skin       |     4 |       |       ||     4
         Ring mail         |       |    15 |       ||    15
  Dodge: Dodged            |     9 |    33 |    10 ||    52

Table legend: (Time is in decaauts)
 A = Elapsed time spent in this place.
 B = Non-inter-level travel time spent in this place.
 C = Inter-level travel time spent in this place.
 D = Time resting spent in this place.
 E = Time spent auto-exploring this place.
 F = Levels seen in this place.
 G = Mean time per level.
                   A        B        C        D        E       F      G
               +--------+--------+--------+--------+--------+-----+--------+
         Total |    605 |    584 |     21 |    269 |      0 |   1 |  605.0 |
       Dungeon |    605 |    584 |     21 |    269 |      0 |   1 |  605.0 |
               +--------+--------+--------+--------+--------+-----+--------+

Top non-repeatable levels by time:
       D: 605 daAuts
